 Dungeon Crawl Stone Soup version 0.30-a0-743-gbfdf073431 (webtiles) character file.

Game seed: 8744911285739400852

1748 Hubris850 the Magician (level 8, -5/37 HPs)
             Began as a Spriggan Brigand on Feb 3, 2023.
             Slain by a gnoll sergeant
             ... wielding a +0 spear
              (11 damage)
             ... on level 5 of the Dungeon on Feb 6, 2023.
             The game lasted 00:23:00 (4932 turns).

Hubris850 the Magician (Spriggan Brigand)           Turns: 4932, Time: 00:23:01

Health: -5/37      AC:  4    Str:  7    XL:     8   Next: 78%
Magic:  20/20      EV: 16    Int: 15    God:
Gold:   289        SH:  0    Dex: 16    Spells: 18/22 levels left

rFire   + + .      SeeInvis +    a - +6 dagger (heavy)
rCold   . . .      Faith    .    (no shield)
rNeg    + . .      Spirit   .    t - +1 robe {rN+}
rPois   .          Reflect  .    p - +0 hat
rElec   +          Harm     .    x - +0 cloak
rCorr   .          Rampage  .    (gloves unavailable)
Will    +....                    (boots unavailable)
Stlth   +++                      i - amulet of Tinov {Fragile Fly rElec rF++ Regen+}
HPRegen 1.06/turn                (no ring)
MPRegen 0.17/turn                (no ring)

@: flying, very quick
A: very small, no large weapons, unfitting armour, see invisible, speed 3
a: no special abilities


You were on level 5 of the Dungeon.
You visited 1 branch of the dungeon, and saw 5 of its levels.
You also visited: Ossuary.

You collected 289 gold pieces.

Inventory:

Hand Weapons
 a - a +6 heavy dagger (weapon)
Missiles
 d - 13 poisoned darts (quivered)
 e - 3 curare-tipped darts
 l - a throwing net
 y - 5 boomerangs
Armour
 b - a +0 robe
 c - a +0 cloak
 p - a +0 hat (worn)
 t - a +1 robe of positive energy (worn)
 x - a +0 cloak (worn)
Magical Staves
 k - a staff of poison
Jewellery
 h - a ring of willpower
 i - the amulet of Tinov (around neck) {Fragile Fly rElec rF++ Regen+}
   (You acquired it on level 5 of the Dungeon)

   [amulet of regeneration]

   rF:        It greatly protects you from fire.
   rElec:     It insulates you from electricity.
   Fly:       It grants you flight.
   Regen:     It increases your rate of health regeneration.
   Fragile:   It will be destroyed if unequipped.
Wands
 s - a wand of light (3)
Scrolls
 g - 3 scrolls of immolation
 o - a scroll of vulnerability
 q - 2 scrolls of teleportation
Potions
 f - 4 potions of might
 j - 4 potions of curing
 m - a potion of experience {unknown}
 n - 3 potions of attraction {unknown}
 r - 3 potions of magic {unknown}
 v - 5 potions of haste
 z - 3 potions of heal wounds {unknown}
 B - a potion of cancellation {unknown}
 C - 2 potions of mutation {unknown}


   Skills:
 - Level 1.5 Fighting
 + Level 4.4 Short Blades
 - Level 2.0 Throwing
 - Level 1.3 Dodging
 - Level 6.6 Stealth
 - Level 7.8 Spellcasting
 - Level 6.0 Hexes
 - Level 6.0 Transmutations
 - Level 3.0 Ice Magic
 - Level 1.0 Earth Magic


You had 18 spell levels left.
You knew the following spells:

 Your Spells              Type           Power      Damage    Failure   Level
a - Ensorcelled Hibernat  Hex/Ice        38%        N/A       3%          2
b - Passwall              Tmut/Erth      13%        N/A       4%          2

Your spell library contained the following spells:

 Spells                   Type           Power      Damage    Failure   Level
 Inner Flame              Hex/Fire       14%        N/A       11%         3
 Portal Projectile        Hex/Tloc       28%        N/A       11%         3
 Summon Guardian Golem    Hex/Summ       14%        N/A       11%         3
 Cause Fear               Hex            11%        N/A       11%         4
 Summon Small Mammal      Summ           20%        N/A       12%         1
 Leda's Liquefaction      Hex/Erth       8%         N/A       28%         4
 Call Canine Familiar     Summ           5%         N/A       36%         3
 Swiftness                Air            5%         N/A       36%         3
 Discord                  Hex            11%        N/A       100%        8


Dungeon Overview and Level Annotations

Branches:
Dungeon (5/15)            Ossuary (visited)
 Temple: D:4-7

Altars:
Makhleb
Sif Muna

Shops:
D:2 =


Innate Abilities, Weirdness & Mutations

You are very small and have problems with some larger weapons.
You are too small for most types of armour.
You have supernaturally acute eyesight. (SInv)
You cover ground extremely quickly. (Speed+++)


Message History

There is an open door here.
z - 3 smoky silvery potions (gained 1)
You see here a +0 spear.
You reach down and open the door.
There is an open door here.
Found a stone staircase leading up.
A gnoll comes into view. It is wielding a +0 spear.
Casting: Passwall (safe; 4% risk of failure)
Confirm with . or Enter, or press ? or * to list all spells.
Aiming: Passwall (safe; 4% risk of failure)
Press: ? - help, Dir - move target A rock wall.
You begin to meditate on the wall.
You continue meditating on the rock. x3
You finish merging with the rock.
The helpless gnoll fails to defend itself.
You perforate the gnoll like a sieve!!!
You kill the gnoll!
A gnoll sergeant and 3 gnolls come into view.
You see here a +0 spear.
The helpless gnoll fails to defend itself.
You spit the gnoll like a pig!!!
You kill the gnoll!
You see here a +0 spear.
The helpless gnoll fails to defend itself.
You stick the gnoll like a pincushion!!!
You kill the gnoll!
The gnoll sergeant shouts!
The gnoll shouts! x2
The gnoll sergeant hits you from afar with a +0 spear!
The gnoll misses you.
The gnoll sergeant hits you with a +0 spear!
You see here a +0 whip.
You hit the gnoll sergeant but do no damage.
The gnoll hits you from afar with a +0 spear!
The gnoll sergeant hits you with a +0 spear.
You hit the gnoll sergeant. Your punch misses the gnoll sergeant.
The gnoll sergeant is lightly wounded.
The gnoll hits you from afar with a +0 spear!
* * * LOW HITPOINT WARNING * * *
The gnoll sergeant hits you with a +0 spear!
You die...

**,***,#.# ##+
##.** **..# ##..
#.#* ##.# ##...
#..#* ##.<# ##....
#.#.###...###.....
#g##.#......'..)..
#g#*#.....###.....
#g# #...#.# ##....
#@# ###.#.# ##...
#)#####.#.# ##..
#.).......# ##'
#######.### #. #.#
#. #.# ##. #.#
##.. #.# #... #.#
##..


You could see a gnoll sergeant and 2 gnolls.

Vanquished Creatures
  Grinder (D:5)
  Sigmund (D:3)
  2 ice beasts (D:5)
  A black bear (D:5)
  A phantom (D:4)
  3 ogres
  A necrophage (D:5)
  A howler monkey (D:3)
  A centaur zombie (Ossuary)
  2 human zombies (Ossuary)
  3 orc priests (D:4)
  5 hounds
  A jelly (D:4)
  An iguana (D:4)
  An orc wizard (D:3)
  4 mummies (Ossuary)
  10 adders
  6 gnolls
  An ufetubus (D:3)
  A worm (D:2)
  A dart slug (D:1)
  10 orcs
  6 endoplasms
  10 giant cockroaches
  8 goblins
  2 hobgoblins (D:2)
  2 jackals (D:2)
  4 quokkas
  4 ball pythons
  4 bats
  4 frilled lizards
  A gnoll zombie (Ossuary)
  A goblin zombie (D:5)
  A hobgoblin zombie (Ossuary)
  2 kobolds
  2 kobold zombies (Ossuary)
  An orc zombie (Ossuary)
  4 rats
  A rat zombie (D:5)
115 creatures vanquished.

Notes
Turn   | Place    | Note
-------+----------+-------------------------------------------
     0 | D:1      | Hubris850 the Spriggan Brigand began the quest for the Orb.
     0 | D:1      | Reached XP level 1. HP: 10/10 MP: 2/2
   124 | D:1      | Upgraded the game from 0.30-a0-738-g116ff8c4af to
                  | 0.30-a0-743-gbfdf073431
   339 | D:1      | Found a faded altar of an unknown god.
   395 | D:1      | Reached XP level 2. HP: 14/14 MP: 3/3
   448 | D:1      | Reached skill level 1 in Spellcasting
   799 | D:1      | Reached skill level 2 in Spellcasting
   799 | D:1      | Reached XP level 3. HP: 17/18 MP: 5/7
   802 | D:1      | Learned a level 2 spell: Ensorcelled Hibernation
   805 | D:1      | Learned a level 2 spell: Passwall
   880 | D:2      | Reached skill level 1 in Transmutations
  1124 | D:2      | Reached skill level 1 in Hexes
  1124 | D:2      | Reached XP level 4. HP: 22/22 MP: 9/9
  1304 | D:2      | Found Rownif's Jewellery Boutique.
  1482 | D:3      | Reached skill level 1 in Earth Magic
  1622 | D:3      | Found a burning altar of Makhleb.
  1625 | D:3      | Reached skill level 3 in Spellcasting
  1625 | D:3      | Reached skill level 1 in Ice Magic
  1791 | D:3      | Reached XP level 5. HP: 25/25 MP: 5/11
  1872 | D:3      | Noticed Sigmund
  1879 | D:3      | Killed Sigmund
  1880 | D:3      | Reached skill level 4 in Spellcasting
  1880 | D:3      | Reached XP level 6. HP: 30/30 MP: 11/13
  2156 | D:3      | Found a shimmering blue altar of Sif Muna.
  2563 | D:4      | Reached skill level 5 in Spellcasting
  2649 | D:4      | Reached XP level 7. HP: 33/33 MP: 12/16
  2853 | D:3      | Reached skill level 6 in Spellcasting
  3006 | D:4      | Reached skill level 7 in Spellcasting
  3482 | D:5      | Entered Level 5 of the Dungeon
  3533 | D:5      | Noticed Grinder
  3573 | D:5      | Killed Grinder
  3574 | D:5      | Reached skill level 5 in Transmutations
  3574 | D:5      | Reached XP level 8. HP: 13/37 MP: 20/20
  3686 | D:5      | Found a sand-covered staircase.
  3711 | Ossuary  | Entered an ossuary
  3740 | Ossuary  | Reached skill level 5 in Hexes
  4164 | D:5      | Identified a scroll of acquirement
  4164 | D:5      | Acquired the amulet of Tinov {Fragile Fly rElec rF++
                  | Regen+}
  4932 | D:5      | Slain by a gnoll sergeant

Illustrated notes

Levels and vault maps discovered:
D:1:      shiori_arrival_oz, layout_basic,
          hellmonk_ecumenical_altar_defaced_shrine, minmay_surrounded
D:2:      layout_basic, serial_shops, nicolae_diamond_shop, minmay_between
D:3:      layout_basic, mainiacjoe_overflow_catwalk, kennysheep_orc_sif_temple,
          serial_aquarium, aquarium_bridge_square [aquarium_subvault_balcony,
          aquarium_subvault_bridge, aquarium_subvault_wall,
          aquarium_subvault_bridge], aquarium_window_2, aquarium_window_corner,
          aquarium_window_fake, aquarium_view_2d, minivault_24,
          chequers_serial_rivers_micro_b, uniq_sigmund
D:4:      layout_rooms, serial_curves, eino_curves_03, eino_curves_01,
          eino_curves_04, kennysheep_orc_chapel
D:5:      layout_loops_corners, enter_ossuary_4, uniq_grinder

Skill      XL: |  1  2  3  4  5  6  7  8 |
---------------+-------------------------+-----
Stealth        | 6 |  6.6
Spellcasting   | 2 3 4 5 7 |  7.8
Transmutations | 1 2 3 4 5 6 |  6.0
Hexes          | 1 2 3 4 6 |  6.0
Earth Magic    | 1 |  1.0
Ice Magic      | 1 2 3 |  3.0
Short Blades   | 4 |  4.4
Fighting       | |  1.5
Throwing       | |  2.0
Dodging        | |  1.3

Action                     |  1- 3 |  4- 6 |  7- 9 || total
---------------------------+-------+-------+-------++-------
  Melee: Dagger            |    93 |   119 |   218 ||   430
         Punch             |       |       |     4 ||     4
  Throw: Dart              |     4 |    28 |    24 ||    56
         Throwing net      |       |       |     1 ||     1
   Cast: Ensorcelled Hiber |     1 |     5 |    11 ||    17
         Passwall          |       |     3 |     6 ||     9
  Evoke: Wand              |       |       |     2 ||     2
    Use: Scroll            |       |       |    16 ||    16
   Stab: Sleeping          |    12 |    15 |    20 ||    47
         Invisible         |       |       |     2 ||     2
 Armour: Robe              |    15 |    13 |    23 ||    51
  Dodge: Dodged            |    61 |    82 |   117 ||   260

Table legend: (Time is in decaauts)
 A = Elapsed time spent in this place.
 B = Non-inter-level travel time spent in this place.
 C = Inter-level travel time spent in this place.
 D = Time resting spent in this place.
 E = Time spent auto-exploring this place.
 F = Levels seen in this place.
 G = Mean time per level.
                   A        B        C        D        E       F      G
               +--------+--------+--------+--------+--------+-----+--------+
         Total |   3666 |   3604 |     62 |    733 |   1546 |   6 |  611.0 |
       Dungeon |   3300 |   3238 |     62 |    595 |   1546 |   5 |  660.0 |
       Ossuary |    366 |    366 |      0 |    138 |      0 |   1 |  366.0 |
               +--------+--------+--------+--------+--------+-----+--------+

Top non-repeatable levels by time:
     D:3: 784 daAuts
     D:5: 767 daAuts
     D:4: 756 daAuts
     D:1: 555 daAuts
     D:2: 436 daAuts
 Ossuary: 366 daAuts
